 Dungeon Crawl Stone Soup version 0.28-a0-2-g643f2454ad (webtiles) character file.

Game seed: 6369704915285550814

5313 pkoi the Destroyer (level 10, -6/50 HPs)
             Began as a Spriggan Conjurer on July 22, 2021.
             Was a Believer of Sif Muna.
             Mangled by a death yak (27 damage)
             ... on level 9 of the Dungeon.
             The game lasted 00:25:33 (11630 turns).

pkoi the Destroyer (Spriggan Conjurer)             Turns: 11630, Time: 00:25:34

Health: -6/50      AC:  5    Str:  9    XL:     10   Next: 37%
Magic:  2/15       EV: 20    Int: 22    God:    Sif Muna [**....]
Gold:   443        SH:  5    Dex: 15    Spells: 4/14 levels left

rFire   . . .      SeeInvis +   p - +1 short sword (venom)
rCold   . . .      Faith    .   (shield restricted)
rNeg    . . .      Spirit   .   C - +0 troll leather armour
rPois   .          Reflect  +   (helmet restricted)
rElec   .          Harm     .   A - +0 cloak
rCorr   .          Rampage  .   (gloves unavailable)
Will    +....                   (boots unavailable)
Stlth   +++.......              s - amulet of reflection
HPRegen 1.16/turn               m - +6 ring of strength
MPRegen 0.14/turn               (no ring)

@: very quick
A: very small, no large weapons, unfitting armour, see invisible, speed 3
a: Renounce Religion, Channel Magic


You were on level 9 of the Dungeon.
You worshipped Sif Muna.
Sif Muna was pleased with you.
You visited 2 branches of the dungeon, and saw 10 of its levels.
You also visited: Sewer.

You collected 443 gold pieces.

Inventory:

Hand Weapons
 j - a +1 dagger of speed
 l - a +1 dagger of freezing
 p - a +1 short sword of venom (weapon)
Missiles
 c - 4 throwing nets
 D - a curare-tipped dart
Armour
 a - a +1 robe
 A - a +0 cloak (worn)
 C - a +0 troll leather armour (worn)
Magical Staves
 e - a staff of air
Jewellery
 m - a +6 ring of strength (left hand)
 s - an amulet of reflection (around neck)
Wands
 o - a wand of polymorph (9)
 x - a wand of paralysis (13)
 y - a wand of iceblast (11)
 z - a wand of flame (10)
 E - a wand of acid (23)
Scrolls
 b - 7 scrolls of identify
 g - 3 scrolls of enchant armour
 h - 4 scrolls of teleportation
 u - a scroll of fog
Potions
 d - 2 potions of haste
 f - 2 potions of cancellation {unknown}
 i - a potion of curing {unknown}
 k - 4 potions of magic {unknown}
 n - 2 potions of resistance {unknown}
 q - a potion of lignification {unknown}
 r - a potion of mutation {unknown}
 t - 2 potions of might
 v - a potion of brilliance {unknown}
 w - a potion of heal wounds {unknown}
 B - a potion of flight {unknown}
 F - a potion of ambrosia {unknown}


   Skills:
 + Level 4.2 Fighting
 + Level 3.6 Short Blades
 + Level 2.2 Armour
 + Level 7.4 Dodging
 - Level 6.9 Stealth
 - Level 2.6 Spellcasting
 + Level 8.3 Conjurations
 + Level 3.5 Hexes
 + Level 4.9 Invocations
 - Level 3.2 Evocations


You had 4 spell levels left.
You knew the following spells:

 Your Spells              Type           Power      Damage    Failure   Level
a - Magic Dart            Conj           100%       1d8       1%          1
b - Searing Ray           Conj           78%        3d6       1%          2
c - Dazzling Flash        Conj/Hex       58%        N/A       4%          3
d - Fulminant Prism       Conj/Hex       14%        3d9       16%         4

Your spell library contained the following spells:

 Spells                   Type           Power      Damage    Failure   Level
 Slow                     Hex            18%        N/A       6%          2
 Confusing Touch          Hex            18%        N/A       12%         3
 Freeze                   Ice            8%         1d3       17%         1
 Hailstorm                Conj/Ice       21%        3d6       32%         4
 Iskenderun's Mystic Bla  Conj/Tloc      21%        2d6       32%         4
 Frozen Ramparts          Ice            4%         1d2       45%         3
 Vampiric Draining        Necr           1%         2d6       45%         3
 Fireball                 Conj/Fire      10%        3d6       65%         5
 Starburst                Conj/Fire      10%        8x6d5     99%         6
 Ignition                 Fire           1%         3d3       100%        8


Dungeon Overview and Level Annotations

Branches:
Dungeon (9/15)             Temple (1/1) D:4            Lair (0/6) D:9
  Sewer (visited)
    Orc: D:9-12

Altars:
Ashenzari
Cheibriados
Elyvilon
Fedhas
Gozag
Hepliaklqana
Makhleb
Okawaru
Qazlal
Ru
Sif Muna
Trog
Wu Jian
Xom
Yredelemnul
Zin
The Shining One


Innate Abilities, Weirdness & Mutations

You are very small and have problems with some larger weapons.
You are too small for most types of armour.
You have supernaturally acute eyesight. (SInv)
You cover ground extremely quickly. (Speed+++)


Message History

The death yak is moderately wounded.
The searing ray hits the death yak!
The death yak is lightly wounded.
You finish channeling your searing ray.
The death yak gores you!
Unknown command.
You see here a death yak corpse.
Casting: Searing Ray (safe; 1% risk of failure)
Confirm with . or Enter, or press ? or * to list all spells.
Aiming: Searing Ray (safe; 1% risk of failure)
Press: ? - help, Shift-Dir - straight line, f/p - death yak
Aim: a death yak (heavily wounded, 93% to hit)
The searing ray hits the death yak but does no damage.
The death yak is heavily wounded. (Press . to maintain the ray.)
The searing ray hits the death yak.
The death yak is severely wounded.
The searing ray hits the death yak!
The death yak is heavily wounded.
The searing ray hits the death yak!
The death yak is severely wounded.
The searing ray hits the death yak.
The death yak is heavily wounded.
The searing ray hits the death yak!
The death yak is moderately wounded.
The death yak gores you!!
Unknown command.
The searing ray hits the death yak but does no damage.
The death yak is severely wounded.
The searing ray hits the death yak.
The death yak is heavily wounded.
The searing ray hits the death yak.
The death yak is moderately wounded.
You finish channeling your searing ray.
The death yak gores you.
Unknown command.
Unknown command.
You hit the death yak but do no damage.
The death yak is severely wounded.
The death yak gores you!!
Ouch! That really hurt!
You die...

...........Y.Y...#
######Y.########.#
#..# #.# #..# #.#
######..## #.#
.....Y...# #Y#
........## #Y#
.Y.....## #Y#
.####### #@#
.###### #.#
....... . #.#
####### #. #.# #
#.# #.# #### ###≈
#.# ...# ≈≈≈≈≈
#.## ...#
#≈≈≈#######..##
...#
#≈≈≈#.........#


You could see 3 death yaks.

Vanquished Creatures
  2 death yaks (D:9)
  Joseph (D:8)
  Maggie (D:8)
  A steam dragon (D:8)
  2 ice beasts
  2 black bears
  A necrophage (D:5)
  3 ogres
  2 sky beasts (D:5)
  A centaur (D:8)
  2 kobold brigands
  2 bullfrogs
  A gnoll sergeant (D:8)
  2 water moccasin zombies
  2 scorpions (D:5)
  A wyvern skeleton (D:6)
  3 wights
  9 killer bees (D:8)
  2 howler monkeys
  3 centaur zombies
  A gnoll shaman (D:6)
  2 hounds
  3 jellies
  An orc priest (D:9)
  Crazy Yiuf (D:7)
  2 iguanas (D:6)
  6 orc wizards
  2 killer bee zombies (D:7)
  Robin (D:3)
  A howler monkey zombie (D:8)
  12 gnolls
  4 adders
  An ufetubus (D:6)
  An adder skeleton (D:4)
  A worm (D:2)
  4 dart slugs
  13 orcs
  9 endoplasms
  6 giant cockroaches
  9 goblins
  11 hobgoblins
  3 jackals (D:3)
  21 kobolds
  A quokka (D:2)
  10 ball pythons
  6 bats
  4 frilled lizards
  9 rats
188 creatures vanquished.

Vanquished Creatures (collateral kills)
  A bullfrog (D:7)
1 creature vanquished.

Vanquished Creatures (others)
  A ball python (D:4)
  5 fulminant prisms
  2 plants (Sewer)
8 creatures vanquished.

Grand Total: 197 creatures vanquished

Notes
Turn   | Place    | Note
-------+----------+-------------------------------------------
     0 | D:1      | pkoi the Spriggan Conjurer began the quest for the Orb.
     0 | D:1      | Reached XP level 1. HP: 9/9 MP: 5/5
    39 | D:1      | Reached skill level 3 in Conjurations
   278 | D:1      | Reached XP level 2. HP: 13/13 MP: 4/6
   961 | D:2      | Reached XP level 3. HP: 16/16 MP: 5/8
  1058 | D:1      | Learned a level 2 spell: Searing Ray
  1231 | D:2      | Reached skill level 4 in Conjurations
  2351 | D:3      | Reached XP level 4. HP: 21/21 MP: 2/9
  2467 | D:3      | Noticed Robin
  2478 | D:3      | Killed Robin
  2552 | D:3      | Noticed a black bear
  2570 | D:3      | Killed a black bear
  2571 | D:3      | Reached skill level 5 in Conjurations
  2571 | D:3      | Reached XP level 5. HP: 24/24 MP: 2/10
  3433 | D:3      | Found a faded altar of an unknown god.
  3913 | D:4      | Reached XP level 6. HP: 28/28 MP: 4/11
  4156 | D:4      | HP: 1/28 [gnoll (7)]
  4685 | D:4      | Found a staircase to the Ecumenical Temple.
  4746 | D:4      | Reached skill level 6 in Conjurations
  5136 | Temple   | Entered the Ecumenical Temple
  5207 | Temple   | Became a worshipper of Sif Muna the Loreminder
  5279 | D:5      | Entered Level 5 of the Dungeon
  5344 | D:5      | Reached skill level 7 in Conjurations
  5344 | D:5      | Reached XP level 7. HP: 9/32 MP: 1/12
  5486 | D:5      | Found a glowing drain.
  5541 | Sewer    | Entered a sewer
  6271 | Sewer    | Reached * piety under Sif Muna
  6401 | D:5      | Found a blossoming altar of Fedhas.
  6409 | D:5      | Found a shimmering altar of Xom.
  6433 | D:5      | Reached skill level 1 in Fighting
  6591 | D:5      | Reached skill level 1 in Invocations
  6591 | D:5      | Reached XP level 8. HP: 37/37 MP: 7/13
  6898 | D:5      | Reached skill level 5 in Stealth
  7904 | D:6      | Reached skill level 5 in Dodging
  8307 | D:6      | Found a burning altar of Makhleb.
  8309 | D:6      | Noticed a blizzard demon
  8311 | D:6      | Found a glowing silver altar of Zin.
  8312 | D:6      | Noticed an angel
  8531 | D:6      | Reached XP level 9. HP: 36/43 MP: 14/14
  9093 | D:7      | Found a runed translucent door.
  9094 | D:7      | Noticed Crazy Yiuf
  9129 | D:7      | Killed Crazy Yiuf
  9574 | D:8      | Learned a level 3 spell: Dazzling Flash
  9579 | D:8      | Learned a level 4 spell: Fulminant Prism
  9627 | D:8      | Reached ** piety under Sif Muna
  9628 | D:8      | Reached skill level 1 in Short Blades
  9807 | D:8      | Reached skill level 1 in Hexes
 10132 | D:8      | Reached skill level 8 in Conjurations
 10188 | D:8      | Noticed Joseph
 10241 | D:8      | Reached skill level 1 in Armour
 10374 | D:8      | Reached skill level 1 in Evocations
 10436 | D:8      | Killed Joseph
 10662 | D:8      | Found an iron altar of Okawaru.
 10748 | D:8      | Noticed Maggie
 10761 | D:8      | HP: 2/45 [Maggie/bolt of fire (20)]
 10762 | D:8      | Killed Maggie
 10763 | D:8      | Reached XP level 10. HP: 3/49 MP: 9/15
 11256 | D:9      | Noticed a death yak
 11314 | D:9      | Killed a death yak
 11456 | D:9      | Found a staircase to the Lair.
 11456 | D:9      | Noticed a death yak
 11457 | D:9      | Noticed a death yak
 11457 | D:9      | Noticed a death yak
 11459 | D:9      | Noticed a death yak
 11510 | D:9      | Killed a death yak
 11630 | D:9      | Mangled by a death yak

Illustrated notes

Levels and vault maps discovered:
D:1:      lightli_iron_boxes, layout_basic
D:2:      layout_loops_cross, kennysheep_generic_room_13
D:3:      layout_loops_cross, hellmonk_ecumenical_altar_heavens_door, uniq_robin
D:4:      layout_cave_pods, lemuel_temple_firewalk_b
D:5:      layout_basic, grunt_temple_overflow_open, portal_sewer_entry_a
D:6:      layout_loops_ring, grunt_temple_overflow_order_and_chaos_2
D:7:      layout_cave_pools, roderic_roman_lattice, uniq_crazy_yiuf_cottage
D:8:      layout_gridville, nicolae_overflow_crystal_walls, uniq_joseph,
          uniq_maggie
D:9:      layout_loops_ring, marbit_many_paths, dpeg_lair_monsters,
          serial_aquarium, aquarium_bridge_long_separate
          [aquarium_subvault_balcony, aquarium_subvault_bridge,
          aquarium_subvault_bridge, aquarium_subvault_wall,
          aquarium_subvault_window, aquarium_subvault_bridge],
          aquarium_bridge_square [aquarium_subvault_wall,
          aquarium_subvault_balcony, aquarium_subvault_bridge,
          aquarium_subvault_window], aquarium_window_1, aquarium_window_1,
          aquarium_window_fake, aquarium_view_2c, aquarium_view_2c,
          aquarium_balcony_5b, aquarium_pool_corner
Temple:   nicolae_temple_x_marks_the_god

Skill      XL: |  1  2  3  4  5  6  7  8  9 10 |
---------------+-------------------------------+-----
Conjurations   | 3 4 5 7 8 |  8.3
Dodging        | 3 5 6 7 |  7.4
Fighting       | 1 2 3 4 |  4.2
Stealth        | 4 6 |  6.9
Invocations    | 1 3 4 |  4.9
Short Blades   | 2 3 |  3.6
Hexes          | 2 3 |  3.5
Armour         | 1 2 |  2.2
Evocations     | 2 3 |  3.2
Spellcasting   | |  2.6

Action                   |  1- 3 |  4- 6 |  7- 9 | 10-12 || total
-------------------------+-------+-------+-------+-------++-------
Melee: Dagger            |       |    43 |    20 |       ||    63
       Short sword       |       |       |   130 |    16 ||   146
 Cast: Magic Dart        |    81 |    52 |    77 |     8 ||   218
       Searing Ray       |     1 |    17 |    35 |     9 ||    62
       Fulminant Prism   |       |       |     1 |     4 ||     5
  Use: Scroll            |     8 |     3 |     4 |       ||    15
       Potion            |       |     1 |       |       ||     1
 Stab: Sleeping          |       |       |     6 |       ||     6
Armor: Robe              |       |    10 |    11 |       ||    21
       Troll leather arm |       |       |    15 |     5 ||    20
Dodge: Dodged            |     3 |    42 |   227 |    23 ||   295
Block: Other             |       |       |     1 |     9 ||    10

Table legend: (Time is in decaauts)
 A = Elapsed time spent in this place.
 B = Non-inter-level travel time spent in this place.
 C = Inter-level travel time spent in this place.
 D = Time resting spent in this place.
 E = Time spent auto-exploring this place.
 F = Levels seen in this place.
 G = Mean time per level.
                   A        B        C        D        E       F      G
               +--------+--------+--------+--------+--------+-----+--------+
         Total |   9211 |   8981 |    230 |   3564 |   3859 |  11 |  837.4 |
       Dungeon |   8380 |   8156 |    224 |   3110 |   3656 |   9 |  931.1 |
        Temple |     49 |     43 |      6 |      0 |     28 |   1 |   49.0 |
         Sewer |    780 |    780 |      0 |    454 |    173 |   1 |  780.0 |
               +--------+--------+--------+--------+--------+-----+--------+

Top non-repeatable levels by time:
     D:2: 1240 daAuts
     D:4: 1196 daAuts
     D:5: 1021 daAuts
     D:8: 998 daAuts
     D:6: 998 daAuts
     D:7: 851 daAuts
     D:3: 815 daAuts
     D:1: 798 daAuts
   Sewer: 780 daAuts
     D:9: 459 daAuts
  Temple: 49 daAuts
